 Dungeon Sprint DCSS version 0.31-a0-40-g1d5085d191 (webtiles) character file.

Game seed: 10568270960666462959

5469 fozzywoppz the Unseen (level 10, 0/58 HPs)
             Began as a Spriggan Enchanter on May 17, 2023.
             Was a High Priest of Sif Muna.
             Slain by a komodo dragon (32 damage)
             ... in the Dungeon (Sprint III: "The Ten Rune Challenge").
             The game lasted 00:09:54 (876 turns).

fozzywoppz the Unseen (Spriggan Enchanter)           Turns: 876, Time: 00:09:54

Health: 0/58       AC:  2    Str:  6    XL:     10   Next: 41%
Magic:  8/19       EV: 29    Int: 17    God:    Sif Muna [*****.]
Gold:   1953       SH:  0    Dex: 18    Spells: 10/18 levels left

rFire   . . .        m - +1 short sword (venom)
rCold   . . .        (no shield)
rNeg    . . .        b - +0 robe
rPois   .            (helmet restricted)
rElec   .            r - scarf {repulsion}
rCorr   .            (gloves unavailable)
SInv    +            (boots unavailable)
Will    +....        (no amulet)
Stlth   ++++         (no ring)
HPRegen 0.29/turn    (no ring)
MPRegen 0.16/turn

%: no teleportation, repel missiles
@: slow
A: very small, no large weapons, unfitting armour, see invisible, speed 3,
mutation resistance 1
a: Renounce Religion, Channel Magic, Forget Spell, Divine Exegesis


You were in the Dungeon.
You worshipped Sif Muna.
Sif Muna was extremely pleased with you.
You visited 1 branch You collected 2069 gold pieces.
You spent 116 gold pieces at shops.

Inventory:

Hand Weapons
 a - a +1 dagger
 m - a +1 short sword of venom (weapon)
Armour
 b - a +0 robe (worn)
 r - a scarf of repulsion (worn)
Scrolls
 i - a scroll of blinking
 j - a scroll of fear {unknown}
 p - a scroll of poison {unknown}
Potions
 c - a potion of invisibility
 d - a potion of curing
 e - 2 potions of heal wounds
 f - a potion of haste
 g - 3 potions of magic
 h - a potion of berserk rage
 k - a potion of resistance
 l - a potion of mutation
 n - a potion of might
 o - a potion of flight
 q - a potion of brilliance {unknown}
Miscellaneous
 s - a phial of floods


   Skills:
 + Level 9.2 Fighting
 - Level 10.0 Short Blades
 + Level 15.2 Dodging
 + Level 19.3 Stealth
 + Level 4.6 Spellcasting
 + Level 5.5 Hexes
 + Level 11.1 Invocations


You had 10 spell levels left.
You knew the following spells:

 Your Spells              Type           Power      Damage    Failure   Level
a - Ensorcelled Hibernat  Hex/Ice        26%        N/A       7%          2
b - Confusing Touch       Hex            22%        N/A       4%          3
c - Tukima's Dance        Hex            22%        N/A       4%          3

Your spell library contained the following spells:

 Spells                   Type           Power      Damage    Failure   Level
 Dazzling Flash           Conj/Hex       26%        N/A       14%         3
 Beastly Appendage        Tmut           6%         N/A       16%         1
 Foxfire                  Conj/Fire      12%        2x1d4     16%         1
 Cigotuvi's Dreadful Rot  Necr/Pois/Air  6%         N/A       22%         2
 Wereblood                Tmut           3%         N/A       22%         2
 Spider Form              Tmut/Pois      3%         N/A       41%         3
 Animate Dead             Necr           3%         N/A       83%         4
 Agony                    Necr           3%         N/A       99%         5
 Blade Hands              Tmut           1%         N/A       99%         5
 Borgnjor's Vile Clutch   Necr/Erth      1%         N/A       99%         5
 Fireball                 Conj/Fire      1%         3d3       99%         5
 Eringya's Noxious Bog    Tmut/Pois      1%         N/A       100%        6
 Plasma Beam              Fire/Air       1%         2x1d12    100%        6
 Starburst                Conj/Fire      1%         6d3       100%        6
 Infestation              Necr           1%         N/A       100%        8


Dungeon Overview and Level Annotations

Branches:
Dungeon (1/1)

Altars:
Cheibriados
Dithmenos
Elyvilon
Fedhas
Gozag
Hepliaklqana
Kikubaaqudgha
Makhleb
Nemelex Xobeh
Okawaru
Qazlal
Ru
Sif Muna
Trog
Uskayaw
Vehumet
Wu Jian
Xom
Yredelemnul
Zin
The Shining One
Jiyva
Lugonu

Shops:
D (


Innate Abilities, Weirdness & Mutations

You are very small and have problems with some larger weapons.
You are too small for most types of armour.
You have supernaturally acute eyesight. (SInv)
You cover ground extremely quickly. (Speed+++)
You are somewhat resistant to further mutation.


Message History

Aiming: Ensorcelled Hibernation (safe; 7% risk of failure)
Press: ? - help, Shift-Dir - straight line, f - komodo dragon
Aim: a komodo dragon (chance to affect: 29%)
The komodo dragon easily resists.
The komodo dragon bites you.
You barely miss the komodo dragon.
You hit the komodo dragon but do no damage.
The komodo dragon completely misses you.
The komodo dragon attacks as you move away!
The komodo dragon misses you. The komodo dragon bites you!
The komodo dragon attacks as you move away!
The komodo dragon bites you!
The komodo dragon attacks as you move away!
The komodo dragon misses you.
The komodo dragon hisses menacingly.
The komodo dragon misses you.
Casting: Ensorcelled Hibernation (safe; 7% risk of failure)
Confirm with . or Enter, or press ? or * to list all spells.
Aiming: Ensorcelled Hibernation (safe; 7% risk of failure)
Press: ? - help, Shift-Dir - straight line, f/p - komodo dragon
Aim: a komodo dragon (chance to affect: 29%)
The komodo dragon easily resists.
Casting: Ensorcelled Hibernation (safe; 7% risk of failure)
Confirm with . or Enter, or press ? or * to list all spells.
Aiming: Ensorcelled Hibernation (safe; 7% risk of failure)
Press: ? - help, Shift-Dir - straight line, f/p - komodo dragon
Aim: a komodo dragon (chance to affect: 29%)
The komodo dragon easily resists.
Casting: Ensorcelled Hibernation (safe; 7% risk of failure)
Confirm with . or Enter, or press ? or * to list all spells.
Aiming: Ensorcelled Hibernation (safe; 7% risk of failure)
Press: ? - help, Shift-Dir - straight line, f/p - komodo dragon
Aim: a komodo dragon (chance to affect: 29%)
The komodo dragon easily resists.
You enter the shallow water.
Moving in this stuff is going to be slow.
The komodo dragon attacks as you move away!
The komodo dragon completely misses you.
The komodo dragon bites you!!
Ouch! That really hurt!
You die...

......#).#∩#))..#
#####'#.##..##.##
__#...#'#####################
__#...#..~§§'.#.'...'.#.#.#.+
__#...#.#§§§#.#.#...##.#.#.##
__#...'.#§§§#.#.#...#.#.#.#.#
__'...#.#§§.#.))#...##)#.#.##
▓▓▓▓▓▓▓▓▓▓▓▓▓▓▓▓▓▓▓▓#.#.#.#.#
♣~~~........~l@...##.#.#.##
♣†♣≈≈≈≈≈≈≈≈≈≈≈≈♣♣P.'.#.#.#.#
.~♣♣♣♣♣♣♣♣♣♣♣♣♣♣♣♣PP##.#.#.##
.. ♣♣♣##+##### #


You could see a komodo dragon.

Vanquished Creatures
  Snorg (D)
  A centaur warrior (D)
  An orc high priest (D)
  An orc knight (D)
  A deep elf pyromancer (D)
  2 cane toads (D)
  An unseen horror (D)
  3 wandering mushrooms (D)
  A shadow (D)
  A spatial vortex (D)
  4 orc warriors (D)
  2 centaurs (D)
  An earth elemental (D)
  A necrophage (D)
  A water elemental (D)
  A jelly (D)
  2 orc priests (D)
  Jessica (D)
  A wizard (D)
  A necromancer (D)
  An orc wizard (D)
  3 humans (D)
  A kobold demonologist (D)
  A wolf (D)
  9 orcs (D)
  An endoplasm (D)
  2 rats (D)
46 creatures vanquished.

Notes
Turn   | Place    | Note
-------+----------+-------------------------------------------
     0 | D        | fozzywoppz the Spriggan Enchanter began the quest for the
                  | Orb.
     0 | D        | Reached XP level 1. HP: 9/9 MP: 5/5
    27 | D        | Noticed Jessica
    49 | D        | Killed Jessica
    50 | D        | Reached skill level 6 in Stealth
    50 | D        | Reached XP level 2. HP: 13/13 MP: 6/8
    50 | D        | Reached XP level 3. HP: 16/16 MP: 6/9
    53 | D        | Learned a level 2 spell: Ensorcelled Hibernation
    57 | D        | Learned a level 3 spell: Confusing Touch
    61 | D        | Learned a level 3 spell: Tukima's Dance
    77 | D        | Reached skill level 7 in Stealth
    77 | D        | Reached skill level 5 in Hexes
    82 | D        | Reached skill level 5 in Dodging
    95 | D        | Gained mutation: Your flesh is heat resistant. (rF+)
                  | [potion of mutation]
    95 | D        | Gained mutation: Your body sometimes deteriorates upon
                  | taking damage. [potion of mutation]
    96 | D        | Lost mutation: Your body sometimes deteriorates upon taking
                  | damage. [potion of mutation]
    96 | D        | Lost mutation: Your flesh is heat resistant. (rF+) [potion
                  | of mutation]
    96 | D        | Gained mutation: Armour fits poorly on your strangely
                  | shaped body. [potion of mutation]
    96 | D        | Gained mutation: You are partially covered in iridescent
                  | scales. (AC +2) [potion of mutation]
    97 | D        | Lost mutation: You are partially covered in iridescent
                  | scales. (AC +2) [potion of mutation]
    97 | D        | Lost mutation: Armour fits poorly on your strangely shaped
                  | body. [potion of mutation]
    97 | D        | Gained mutation: You are somewhat resistant to further
                  | mutation. [potion of mutation]
   103 | D        | Noticed a water elemental
   106 | D        | Killed a water elemental
   107 | D        | Reached skill level 5 in Short Blades
   107 | D        | Reached skill level 9 in Stealth
   107 | D        | Reached XP level 4. HP: 21/21 MP: 11/11
   109 | D        | Found a radiant altar of Vehumet.
   109 | D        | Found a shimmering blue altar of Sif Muna.
   109 | D        | Found an ancient bone altar of Kikubaaqudgha.
   109 | D        | Noticed a wizard
   111 | D        | Killed a wizard
   112 | D        | Reached skill level 10 in Stealth
   112 | D        | Reached XP level 5. HP: 24/24 MP: 12/12
   122 | D        | Became a worshipper of Sif Muna the Loreminder
   130 | D        | Found a glowing silver altar of Zin.
   130 | D        | Found a glowing golden altar of the Shining One.
   130 | D        | Found a white marble altar of Elyvilon.
   130 | D        | Noticed a deep elf pyromancer
   133 | D        | Killed a deep elf pyromancer
   134 | D        | Reached skill level 15 in Stealth
   134 | D        | Reached XP level 6. HP: 28/28 MP: 13/13
   134 | D        | Reached XP level 7. HP: 32/32 MP: 14/14
   139 | D        | Found a hide-covered altar of Uskayaw.
   139 | D        | Found an iron altar of Okawaru.
   139 | D        | Found a bloodstained altar of Trog.
   139 | D        | Found an ornate altar of the Wu Jian Council.
   139 | D        | Noticed a human
   139 | D        | Noticed a human
   142 | D        | Killed a human
   143 | D        | Reached skill level 1 in Fighting
   143 | D        | Killed a human
   143 | D        | Reached * piety under Sif Muna
   170 | D        | Found a basalt altar of Yredelemnul.
   170 | D        | Found a shadowy altar of Dithmenos.
   170 | D        | Found a sacrificial altar of Ru.
   180 | D        | Noticed a shadow
   194 | D        | Killed a shadow
   194 | D        | Reached ** piety under Sif Muna
   195 | D        | Reached XP level 8. HP: 39/40 MP: 9/15
   203 | D        | Found a blossoming altar of Fedhas.
   203 | D        | Found a stormy altar of Qazlal.
   204 | D        | Found a snail-covered altar of Cheibriados.
   204 | D        | Found a burning altar of Makhleb.
   204 | D        | Found a hazy altar of Hepliaklqana.
   204 | D        | Found a shimmering altar of Xom.
   204 | D        | Found an opulent altar of Gozag.
   204 | D        | Found a sparkling altar of Nemelex Xobeh.
   204 | D        | Found a corrupted altar of Lugonu.
   204 | D        | Found a viscous altar of Jiyva.
   206 | D        | Reached skill level 15 in Dodging
   248 | D        | Noticed Snorg
   252 | D        | Killed Snorg
   253 | D        | Reached skill level 5 in Fighting
   429 | D        | Noticed an orc knight
   431 | D        | Noticed an orc high priest
   435 | D        | Reached *** piety under Sif Muna
   435 | D        | Reached **** piety under Sif Muna
   435 | D        | Killed an orc high priest
   435 | D        | Reached ***** piety under Sif Muna
   435 | D        | Killed an orc knight
   435 | D        | Received a gift from Sif Muna
   436 | D        | Reached skill level 10 in Short Blades
   436 | D        | Reached skill level 17 in Stealth
   436 | D        | Reached XP level 9. HP: 35/51 MP: 15/17
   438 | D        | Got Sif Muna's Lectures on Misery {god gift}
   458 | D        | Found Edeere's Weapon Shop.
   482 | D        | Bought a +1 short sword of venom for 116 gold pieces
   604 | D        | Noticed a centaur warrior
   688 | D        | Noticed an unseen horror
   693 | D        | Killed a centaur warrior
   694 | D        | Reached skill level 18 in Stealth
   694 | D        | Reached skill level 10 in Invocations
   694 | D        | Reached XP level 10. HP: 39/57 MP: 18/18
   701 | D        | Received a gift from Sif Muna
   702 | D        | Got Sif Muna's Directory of Vicissitude {god gift}
   765 | D        | Reached skill level 19 in Stealth
   851 | D        | Noticed a cane toad
   851 | D        | Noticed a cane toad
   853 | D        | Killed a cane toad
   857 | D        | Killed a cane toad
   876 | D        | Slain by a komodo dragon

Illustrated notes

Levels and vault maps discovered:
D:        dungeon_sprint_mu [sprint_mu_entry_cave, sprint_mu_temple_rooms,
          sprint_mu_d1_horrors, sprint_mu_d2_genie, sprint_mu_d3_branching,
          sprint_mu_orc_legion, sprint_mu_elf_gauntlet, sprint_mu_hive_nellie,
          sprint_mu_lair_fedhas, sprint_mu_vaults_butterflies,
          sprint_mu_slime_circle, sprint_mu_swamp_cave, sprint_mu_shoals_archi,
          sprint_mu_blade_basic, sprint_mu_crypt_fortress,
          sprint_mu_tomb_spiral, sprint_mu_vestibule_basic,
          sprint_mu_gehenna_hellfire, sprint_mu_dis_giant,
          sprint_mu_tartarus_statrot, sprint_mu_cocytus_islands, sprint_mu_zot1]

Skill      XL: |  1  2  3  4  5  6  7  8  9 10 |
---------------+-------------------------------+-----
Dodging        | 4 6 7 13 14 15 | 15.2
Spellcasting   | 4 |  4.6
Short Blades   | 3 5 7 10 | 10.0
Stealth        | 6 9 10 15 17 18 19 | 19.3
Hexes          | 4 5 |  5.5
Fighting       | 3 7 8 9 |  9.2
Invocations    | 4 9 10 11 | 11.1

Action                     |  1- 3 |  4- 6 |  7- 9 | 10-12 || total
---------------------------+-------+-------+-------+-------++-------
  Melee: Dagger            |    10 |     3 |    42 |       ||    55
         Punch             |       |       |     3 |       ||     3
         Short sword       |       |       |    52 |    36 ||    88
   Cast: Confusing Touch   |       |       |     3 |       ||     3
         Ensorcelled Hiber |       |       |       |     8 ||     8
  Evoke: Phial of floods   |       |       |     2 |       ||     2
    Use: Potion            |     3 |       |     3 |       ||     6
         Scroll            |     2 |       |     1 |       ||     3
   Stab: Sleeping          |     6 |     3 |     7 |     4 ||    20
         Confused          |       |       |     1 |       ||     1
         Distracted        |       |       |     1 |       ||     1
         Invisible         |       |       |     1 |       ||     1
 Armour: Robe              |     1 |       |     1 |       ||     2
  Dodge: Dodged            |     3 |       |    38 |    22 ||    63

Table legend: (Time is in decaauts)
 A = Elapsed time spent in this place.
 B = Non-inter-level travel time spent in this place.
 C = Inter-level travel time spent in this place.
 D = Time resting spent in this place.
 E = Time spent auto-exploring this place.
 F = Levels seen in this place.
 G = Mean time per level.
                   A        B        C        D        E       F      G
               +--------+--------+--------+--------+--------+-----+--------+
         Total |    699 |    699 |      0 |    288 |      0 |   1 |  699.0 |
       Dungeon |    699 |    699 |      0 |    288 |      0 |   1 |  699.0 |
               +--------+--------+--------+--------+--------+-----+--------+

Top non-repeatable levels by time:
       D: 699 daAuts
